 Dungeon Crawl Stone Soup version 0.22.1-2-g9c5b331 (webtiles) character file.

133 nicolaieve the Cudgeler (level 4, 0/39 HPs)
             Began as a Minotaur Berserker on Dec 19, 2018.
             Was a Believer of Trog.
             Slain by Grinder (1 damage)
             ... on level 3 of the Dungeon.
             The game lasted 00:05:13 (1423 turns).

nicolaieve the Cudgeler (Minotaur Berserker)        Turns: 1423, Time: 00:05:14

Health: 0/39       AC:  6    Str: 21    XL:     4   Next: 93%
Magic:  3/3        EV: 11    Int:  4    God:    Trog [**....]
Gold:   165        SH:  0    Dex: 11    Spells: 3/3 levels left

rFire    . . .     SeeInvis .   a - +0 mace
rCold    . . .     Gourm    .   (no shield)
rNeg     . . .     Faith    .   i - +0 ring mail (curse)
rPois    .         Spirit   .   (helmet restricted)
rElec    .         Reflect  .   t - +0 cloak
rCorr    .         Harm     .   (no gloves)
MR       ++...                  (no boots)
Stlth    +.........             (no amulet)
HPRegen  1.13/turn              (no ring)
MPRegen  0.08/turn              (no ring)

@: berserk cooldown, regenerating, slowed, very slow
A: retaliatory headbutt, horns 2
a: Berserk, Trog's Hand, Renounce Religion


You were on level 3 of the Dungeon.
You worshipped Trog.
Trog was pleased with you.
You were not hungry.

You visited 1 branch of the dungeon, and saw 3 of its levels.

You collected 165 gold pieces.

Inventory:

Hand Weapons
 a - a +0 mace (weapon)
 l - a +0 hunting sling
Missiles
 b - 89 stones (quivered)
 d - 13 sling bullets
Armour
 i - a cursed +0 ring mail (worn)
 m - a +0 scale mail
 t - a +0 cloak (worn)
Jewellery
 p - an uncursed ring of stealth {unknown}
Scrolls
 e - 2 scrolls of remove curse {unknown}
 f - 2 scrolls of magic mapping {unknown}
 g - a scroll of enchant weapon {unknown}
 j - 6 scrolls of identify {unknown}
 k - a scroll of fog {unknown}
 r - a scroll of enchant armour {unknown}
 s - a scroll of fear {unknown}
Potions
 h - 3 potions of brilliance {unknown}
 n - a potion of curing {unknown}
 o - a potion of berserk rage {unknown}
 q - a potion of mutation {unknown}
Comestibles
 c - 3 rations
 u - 6 chunks of flesh


   Skills:
 - Level 3.6 Fighting
 + Level 6.9 Maces & Flails
 - Level 2.4 Armour
 - Level 2.1 Dodging


You had 3 spell levels left.
You didn't know any spells.
Your spell library was empty.

Dungeon Overview and Level Annotations

Branches:
Dungeon (3/15)

Altars:
Cheibriados

Annotations:
D:3 Grinder


Innate Abilities, Weirdness & Mutations

You reflexively headbutt those who attack you in melee.
You have a pair of horns on your head.


Message History

a club; a gnoll skeleton You see here a spear.
Grinder gestures at you.
You suddenly lose the ability to move!
Grinder hits you!
You writhe in agony.
* * * LOW HITPOINT WARNING * * *
You can move again.
There is a stone staircase leading up here.
You hit Grinder but do no damage. Your headbutt misses Grinder.
Grinder gestures at you. Pain shoots through your body!
* * * LOW HITPOINT WARNING * * *
Your skin crawls.
You feel resistant to hostile enchantments.
You feel quite a bit more hungry.
You feel the effects of Trog's Hand fading.
Grinder hits you.
* * * LOW HITPOINT WARNING * * *
You writhe in agony.
You die...

#. ### #. ### ######..
..###.# ## #..5@#.# #.#...#
.. #)####.# #.#.#[#
#####.##)####.# #.#.#.######
....5..)......# #.#.#......#
#......#......# #....#####.#
....#.........# ###..#.....#
#.......#.....#####..#.##..#
. ............#............#
#................###.#.....#


You could see Grinder.

Vanquished Creatures
  Crazy Yiuf (D:2)
  3 gnolls (D:3)
  An adder (D:2)
  A worm (D:2)
  A dart slug (D:1)
  2 leopard geckos
  3 giant cockroaches (D:2)
  8 goblins
  6 hobgoblins
  2 jackals (D:2)
  4 kobolds
  2 ball pythons (D:2)
  9 bats
  9 frilled lizards
  8 rats
60 creatures vanquished.

Notes
Turn   | Place    | Note
-------+----------+-------------------------------------------
     0 | D:1      | nicolaieve the Minotaur Berserker began the quest for the
                  | Orb.
     0 | D:1      | Reached XP level 1. HP: 19/19 MP: 0/0
    23 | D:1      | Reached skill level 4 in Maces & Flails
    89 | D:1      | Reached XP level 2. HP: 25/26 MP: 1/1
   737 | D:2      | Reached skill level 5 in Maces & Flails
   737 | D:2      | Reached XP level 3. HP: 23/31 MP: 2/2
   767 | D:2      | Reached ** piety under Trog
   957 | D:2      | Found a runed door.
  1011 | D:2      | Found a faded altar of an unknown god.
  1205 | D:2      | Reached skill level 6 in Maces & Flails
  1205 | D:2      | Reached XP level 4. HP: 18/39 MP: 3/3
  1291 | D:2      | Noticed Crazy Yiuf
  1294 | D:2      | Killed Crazy Yiuf
  1332 | D:3      | Found a snail-covered altar of Cheibriados.
  1413 | D:3      | Noticed Grinder
  1420 | D:3      | Paralysed by Grinder for 2 turns
  1423 | D:3      | HP: 1/39 [Grinder (6)]
  1423 | D:3      | Slain by Grinder

Skill      XL: |  1  2  3 |
---------------+----------+-----
Maces & Flails | 4 5 6 |  6.9
Fighting       | |  3.6
Armour         | |  2.4
Dodging        | |  2.1

Action                   |  1- 3 |  4- 6 || total
-------------------------+-------+-------++-------
Melee: Mace              |   107 |    14 ||   121
       Headbutt          |    14 |     3 ||    17
Invok: Berserk           |       |     1 ||     1
       Trog's Hand       |       |     1 ||     1
  Eat: Chunk             |     1 |     2 ||     3
Armor: Animal skin       |     1 |       ||     1
       Ring mail         |    50 |     2 ||    52
Dodge: Dodged            |    80 |     9 ||    89
